 Dungeon Crawl Stone Soup version 0.19.1 (webtiles) character file.

208 spooks32 the Insei (level 6, -1/39 HPs)
             Began as a Kobold Monk on Dec 26, 2016.
             Was a Priest of Vehumet.
             Slain by a gnoll
             ... wielding a +0 halberd
              (7 damage)
             ... on level 5 of the Dungeon on Dec 27, 2016.
             The game lasted 00:18:40 (4355 turns).

spooks32 the Insei (Kobold Monk)                    Turns: 4355, Time: 00:18:41

Health: -1/39      AC:  9    Str: 15    XL:     6   Next: 11%
Magic:  6/6        EV: 16    Int: 15    God:    Vehumet [***...]
Gold:   228        SH:  0    Dex: 18    Spells: 2 memorised, 3 levels left

rFire  . . .     SeeInvis .       - Unarmed
rCold  . . .     Gourm    .     g - +0 leather armour
rNeg   . . .     Faith    .     (shield restricted)
rPois  .         Spirit   .     m - +2 helmet
rElec  .         Reflect  .     u - +0 cloak
rCorr  +         Harm     .     (no gloves)
MR     .....                    (no boots)
Stlth  +++.......               (no amulet)
                                p - ring of resist corrosion
                                j - ring of stealth

@: mighty
A: thin metallic scales 1, carnivore 3, clever 2
a: Renounce Religion


You were on level 5 of the Dungeon.
You worshipped Vehumet.
Vehumet was most pleased with you.
You were not hungry.

You visited 1 branch of the dungeon, and saw 5 of its levels.

You collected 228 gold pieces.

Inventory:

Hand Weapons
 c - a +0 hunting sling
Missiles
 h - 205 stones (quivered)
Armour
 g - a +0 leather armour (worn)
 m - a +2 helmet (worn)
 o - a cursed +0 chain mail
 u - a +0 cloak (worn)
Jewellery
 j - a ring of stealth (left hand)
 p - a ring of resist corrosion (right hand)
Scrolls
 e - a scroll of teleportation
 i - 3 scrolls of fear
Potions
 n - a potion of heal wounds {unknown}
 q - a potion of cancellation {unknown}
 r - a potion of degeneration {unknown}
 s - a potion of cure mutation {unknown}
 t - a potion of flight {unknown}
Books
 w - a book of Necromancy

   Spells                             Type                      Level
   a - Pain                           Necromancy                   1
   b - Animate Skeleton               Necromancy                   1
   c - Vampiric Draining              Necromancy                   3
   d - Regeneration                   Charms/Necromancy            3
   e - Animate Dead                   Necromancy                   4
   f - Control Undead                 Necromancy                   4
Comestibles
 b - 4 meat rations
 v - a beef jerky


   Skills:
 * Level 4.5 Fighting
 * Level 3.8 Dodging
 - Level 2.6 Stealth
 + Level 5.4 Unarmed Combat
 - Level 0.4 Spellcasting
 - Level 0.6 Conjurations


You had 3 spell levels left.
You knew the following spells:

 Your Spells              Type           Power        Failure   Level  Hunger
a - Freeze                Ice            #...         10%         1    ##.....
b - Flame Tongue          Conj/Fire      #....        10%         1    ##.....


Dungeon Overview and Level Annotations

Branches:
Dungeon (5/15)             Temple (0/1) D:5

Altars:
Ashenzari
Cheibriados
Kikubaaqudgha
Vehumet
Xom
The Shining One


Innate Abilities, Weirdness & Mutations

You are small and have problems with some larger weapons.
You are carnivorous and can eat meat at any time.
You are partially covered in thin metallic scales. (AC +2)
Your mind is very acute. (Int +4)


Message History

You barely miss the hound skeleton.
The hound skeleton is severely damaged.
The hound skeleton misses you.
The gnoll hits you from afar with a spear.
The gnoll misses you.
It was a potion of curing.
You feel better.
The hound skeleton bites you but does no damage.
The gnoll misses you.
The hound skeleton bites you but does no damage.
You punch the hound skeleton!
You destroy the hound skeleton!
Vehumet accepts your kill. The gnoll hits you but does no damage.
The gnoll hits you from afar with a halberd!
The gnoll hits you from afar with a spear!
* * * LOW HITPOINT WARNING * * *
It was a potion of might.
You feel very mighty all of a sudden.
The gnoll hits you from afar with a halberd!
You die...

#†#.........###
#.............##
#...............
#g.............. #########
#g..[........... #.##....##
#............... #........#
#.............<.
#........####g...........>..
#..........@.g............<.
#.........###g..............
#.........# ###.............
##.######## ####.......###
### #########


You could see 3 gnolls.

Vanquished Creatures
  Ijyb (D:2)
  2 worker ants (D:4)
  A hound skeleton (D:5)
  2 adders
  A worm (D:2)
  3 dart slugs
  7 orcs
  6 bats
  7 giant cockroaches
  11 hobgoblins
  12 jackals
  2 kobolds
  3 frilled lizards
  16 goblins
  5 rats
79 creatures vanquished.

Notes
Turn   | Place    | Note
-------+----------+-------------------------------------------
     0 | D:1      | spooks32 the Kobold Monk began the quest for the Orb.
     0 | D:1      | Reached XP level 1. HP: 14/14 MP: 1/1
   385 | D:1      | Reached XP level 2. HP: 17/20 MP: 2/2
   706 | D:1      | Reached XP level 3. HP: 22/24 MP: 3/3
  1076 | D:2      | Found a radiant altar of Vehumet.
  1079 | D:2      | Became a worshipper of Vehumet
  1079 | D:2      | Reached * piety under Vehumet
  1079 | D:2      | Offered knowledge of Freeze by Vehumet.
  1079 | D:2      | Reached ** piety under Vehumet
  1083 | D:2      | Learned a level 1 spell: Freeze
  1116 | D:2      | Offered knowledge of Flame Tongue by Vehumet.
  1129 | D:2      | Learned a level 1 spell: Flame Tongue
  1732 | D:2      | Reached skill level 4 in Unarmed Combat
  1732 | D:2      | Reached XP level 4. HP: 28/29 MP: 4/4
  1937 | D:2      | Found a glowing golden altar of the Shining One.
  2182 | D:2      | Noticed Ijyb
  2210 | D:2      | Killed Ijyb
  2528 | D:2      | Reached XP level 5. HP: 33/33 MP: 1/5
  2629 | D:2      | Found a snail-covered altar of Cheibriados.
  2865 | D:3      | Offered knowledge of Conjure Flame by Vehumet.
  2915 | D:3      | Found a shattered altar of Ashenzari.
  3108 | D:3      | Found an ancient bone altar of Kikubaaqudgha.
  3108 | D:3      | Found a faded altar of an unknown god.
  3114 | D:3      | Found a faded altar of an unknown god.
  3117 | D:3      | Found a faded altar of an unknown god.
  3119 | D:3      | Found a faded altar of an unknown god.
  3300 | D:3      | Found a shimmering altar of Xom.
  3496 | D:4      | HP: 1/34 [poisoned by a worker ant]
  3882 | D:4      | Reached skill level 5 in Unarmed Combat
  4044 | D:4      | Noticed an ogre
  4113 | D:5      | Entered Level 5 of the Dungeon
  4113 | D:5      | Found a staircase to the Ecumenical Temple.
  4194 | D:5      | Reached *** piety under Vehumet
  4218 | D:5      | Reached XP level 6. HP: 32/39 MP: 6/6
  4351 | D:5      | Gained mutation: You are partially covered in thin metallic scales. (AC +2) [potion of mutation]
  4351 | D:5      | Gained mutation: Your mind is acute. (Int +2) [potion of mutation]
  4351 | D:5      | Gained mutation: Your mind is very acute. (Int +4) [potion of mutation]
  4355 | D:5      | Slain by a gnoll

Skill      XL: |  1  2  3  4  5 |
---------------+----------------+-----
Unarmed Combat | 4 5 |  5.4
Fighting       | 4 |  4.5
Dodging        | |  3.8
Stealth        | |  2.6
Spellcasting   | |  0.4
Conjurations   | |  0.6

Action                   |  1- 3 |  4- 6 || total
-------------------------+-------+-------++-------
Melee: Unarmed           |   111 |   175 ||   286
       Punch             |       |     4 ||     4
 Fire: Hunting sling     |     4 |    18 ||    22
 Cast: Freeze            |       |     2 ||     2
       Flame Tongue      |       |     2 ||     2
  Use: Scroll            |       |     8 ||     8
       Potion            |       |     3 ||     3
 Stab: Sleeping          |     3 |     7 ||    10
  Eat: Chunk             |     4 |     7 ||    11
       Pizza             |       |     2 ||     2
Armor: Leather armour    |    22 |    59 ||    81
Dodge: Dodged            |    81 |   149 ||   230
